AoeStats
← Sabba

Arabia

507372552Analyzed
1v1 RM · 2mo ago on Sep 17, 2026· 59m 22s· 2 players
Game mode
Random Map
Map size
Tiny (2 player)
Population
200
Speed
Normal
Resources
Standard
Victory
Conquest
Starting age
Dark Age
Ending age
Imperial Age
RankedLock teamsTeams togetherTeam positionsShared explorationLock speedFull tech treeHidden civsTurbo modeCheats
Victory
Defeat
🇦🇷 Byzantines · Argentina
1327
+14
vs
🇲🇽 Franks · Mexico
1293
-14
[LMB] Vortex
6:11 Loom
8:26 Feudal Age
9:14 Double-Bit Axe
11:27 Fletching
21:08 Castle Age
20:36 Scale Barding Armor
20:48 Gold Mining
22:36 Chain Barding Armor
22:50 Stone Mining
25:08 Gold Shaft Mining
25:28 Wheelbarrow
25:45 Squires
26:40 Bow Saw
29:04 Hand Cart
32:58 Imperial Age
33:44 Gambesons
35:00 Bodkin Arrow
35:06 Scale Mail Armor
36:40 Chemistry
36:01 Ballistics
36:03 Forging
36:52 Conscription
36:53 Husbandry
38:19 Siege Engineers
38:31 Chain Mail Armor
38:51 Iron Casting
38:38 Padded Archer Armor
39:13 Elite Skirmisher
40:17 Masonry
42:26 Leather Archer Armor
43:21 Arson
44:48 Plate Mail Armor
48:30 Blast Furnace
47:25 Town Watch
47:10 Cavalier
47:50 Light Cavalry
53:39 Plate Barding Armor
Sabba
6:50 Loom
9:38 Feudal Age
10:20 Double-Bit Axe
10:16 Horse Collar
16:19 Fletching
20:48 Castle Age
19:42 Gold Mining
20:53 Scale Mail Armor
22:01 Bow Saw
21:13 Pikeman
28:01 Wheelbarrow
28:19 Sanctity
29:03 Atonement
30:26 Chain Mail Armor
30:21 Forging
30:53 Squires
32:28 Redemption
36:44 Imperial Age
35:09 Elite Skirmisher
35:45 Bodkin Arrow
35:50 Padded Archer Armor
35:58 Thumb Ring
35:39 Crossbowman
36:29 Thumb Ring
36:49 Arbalester
37:35 Bracer
37:51 Leather Archer Armor
37:58 Heavy Plow
39:30 Chemistry
39:24 Ballistics
41:15 Ring Archer Armor
40:29 Treadmill Crane
42:29 Stone Mining
43:15 Gold Shaft Mining
45:03 Light Cavalry
45:44 Husbandry
45:50 Scale Barding Armor
46:00 Hussar
50:05 Chain Barding Armor
50:21 Iron Casting
51:38 Plate Barding Armor
55:05 Two-Man Saw
55:58 Elite Skirmisher
57:49 Conscription
Connection lost

Rejoining the realm…

Still unreachable

The connection could not be restored.

Session expired

The server has moved on; the page needs a fresh start.